 Dungeon Crawl Stone Soup version 0.25-a0-42-g6c54e25894 (webtiles) character file.

Game seed: 5487146780543998113, levelgen mode: deterministic

174 Arixos the Skirmisher (level 5, 0/42 HPs)
             Began as a Mummy Monk on Oct 22, 2019.
             Slain by an orc
             ... wielding a +0 mace
              (3 damage)
             ... on level 3 of the Dungeon.
             The game lasted 00:06:28 (2901 turns).

Arixos the Skirmisher (Mummy Monk)                  Turns: 2901, Time: 00:06:28

Health: 0/42       AC:  3    Str: 14    XL:     5   Next: 28%
Magic:  5/5        EV: 13    Int: 11    God:
Gold:   107        SH:  0    Dex: 14    Spells: 4/4 levels left

rFire    x . .     SeeInvis .   i - +2 whip (venom)
rCold    + . .     Gourm    .   (no shield)
rNeg     + + +     Faith    .   f - +0 leather armour
rPois    ∞         Spirit   .   (no helmet)
rElec    .         Reflect  .   (no cloak)
rCorr    .         Harm     .   (no gloves)
MR       .....                  (no boots)
Stlth    ++........             (no amulet)
HPRegen  0.14/turn              (no ring)
MPRegen  0.09/turn              (no ring)

@: no status effects
A: no food or potions, fire vulnerability, cold resistance 1, negative energy
resistance 3, torment resistance, unbreathing
a: no special abilities


You were on level 3 of the Dungeon.
You were not hungry.

You visited 1 branch of the dungeon, and saw 3 of its levels.

You collected 107 gold pieces.

Inventory:

Hand Weapons
 i - a +2 whip of venom (weapon)
Missiles
 e - 17 poisoned darts (quivered)
Armour
 f - a +0 leather armour (worn)
Jewellery
 b - a +3 ring of strength {unknown}
Wands
 h - a wand of digging (5)
Scrolls
 a - a scroll of random uselessness {unknown}
 c - 3 scrolls of teleportation {unknown}
 d - 5 scrolls of identify {unknown}
 g - 2 scrolls of blinking {unknown}
 j - a scroll of enchant weapon {unknown}


   Skills:
 + Level 4.2 Fighting
   Level 2.4 Long Blades
 + Level 2.2 Armour
 + Level 3.4 Dodging
 - Level 1.5 Stealth


You had 4 spell levels left.
You didn't know any spells.
Your spell library contained the following spells:

 Spells                   Type           Power        Failure   Level  Hunger
 Animate Skeleton         Necr           N/A          41%         1    N/A
 Apportation              Tloc           #.....       41%         1    N/A
 Confusing Touch          Hex            #.....       41%         1    N/A
 Summon Small Mammal      Summ           #...         41%         1    N/A

Dungeon Overview and Level Annotations

Branches:
Dungeon (3/15)

Altars:


Innate Abilities, Weirdness & Mutations

You do not eat or drink.
Your flesh is vulnerable to fire.
You are immune to poison.
Your flesh is cold resistant. (rC+)
You are immune to negative energy. (rN+++)
You are immune to unholy pain and torment.
You can survive without breathing.


Message History

You are too injured to fight recklessly!
You are too injured to fight recklessly!
You hit the orc priest.
The orc priest is lightly wounded.
The hobgoblin hits you but does no damage.
The orc priest hits you. The orc barely misses you.
You hit the orc priest but do no damage.
The orc priest is poisoned.
The orc priest is lightly wounded.
The orc priest hits you but does no damage.
The hobgoblin hits you with a +0 club.
* * * LOW HITPOINT WARNING * * *
The orc hits you with a +0 mace.
* * * LOW HITPOINT WARNING * * *
The orc priest hits you.
* * * LOW HITPOINT WARNING * * *
You whack the orc priest!
The orc priest is heavily wounded.
The hobgoblin closely misses you. The orc hits you with a +0 mace.
You die...

#(.....'
########......#
#.....##......' #
###
#.###.##......#.#
#.. #.#
#.##......#.###
#.######
#.###.##..........
#.#.....
#......#....)o.##.##
#.#.....
#####..##...@g.# ...
#.#.....
#..##....o.#
#.###.......
#..####'####
#.##...)....
#..####.#
##.....#.....
######.......#
#......#.....
#......#######
#.####.#.....
##.###...†...#
#.####)#.##.# #.#
#(#####.#
#......#.##.#
#.###.###...#
#......#.##.#


You could see an orc priest, an orc and a hobgoblin.

Vanquished Creatures
  A centaur (D:3)
  An adder (D:3)
  An ooze (D:2)
  3 worms
  2 dart slugs
  2 leopard geckos
  2 orcs (D:3)
  4 bats
  4 giant cockroaches
  6 hobgoblins
  A ball python (D:1)
  4 frilled lizards
  13 goblins
  11 kobolds
  7 rats
  A bush (D:2)
63 creatures vanquished.

Notes
Turn   | Place    | Note
-------+----------+-------------------------------------------
     0 | D:1      | Arixos the Mummy Monk began the quest for the Orb.
     0 | D:1      | Reached XP level 1. HP: 18/18 MP: 1/1
    65 | D:1      | Reached XP level 2. HP: 10/24 MP: 2/2
   390 | D:1      | Reached skill level 1 in Armour
   477 | D:1      | Reached XP level 3. HP: 27/29 MP: 3/3
   825 | D:2      | You fall into a shaft and drop 1 floor!
  1448 | D:3      | Noticed a centaur
  1456 | D:3      | Killed a centaur
  1456 | D:3      | Reached skill level 4 in Fighting
  1456 | D:3      | Reached XP level 4. HP: 7/37 MP: 4/4
  1456 | D:3      | Reached XP level 5. HP: 9/42 MP: 5/5
  2901 | D:3      | Slain by an orc

Levels and vault maps discovered:
D:1:      dpeg_arrival_shrine, layout_rooms
D:2:      layout_loops_ring, minmay_hedge_maze, chequers_arboretum
D:3:      layout_basic, grunt_dithmenos_smoke_and_mirrors

Skill      XL: |  1  2  3 |
---------------+----------+-----
Armour         | 1 2 |  2.2
Dodging        | 3 |  3.4
Fighting       | 4 |  4.2
Long Blades    | |  2.4
Stealth        | |  1.5

Action                   |  1- 3 |  4- 6 || total
-------------------------+-------+-------++-------
Melee: Falchion          |   103 |       ||   103
       Whip              |    40 |   102 ||   142
 Stab: Sleeping          |     3 |     3 ||     6
Armor: Robe              |    10 |       ||    10
       Leather armour    |     3 |    11 ||    14
Dodge: Dodged            |    96 |    50 ||   146
       Rpst.: Falchion   |    22 |       ||    22

Table legend:
 A = Non-vault XP
 B = Vault XP
 C = Vault XP percentage of total XP
 D = Non-vault monster count
 E = Vault monster count
 F = Vault count percentage of total count
                 A         B        C        D         E       F
            +---------+---------+-------+---------+---------+-------
      Total |     249 |       0 |   0.0 |      62 |       0 |   0.0
            +---------+---------+-------+---------+---------+-------
        D:1 |      44 |       0 |   0.0 |      27 |       0 |   0.0
        D:2 |      34 |       0 |   0.0 |      16 |       0 |   0.0
        D:3 |     171 |       0 |   0.0 |      19 |       0 |   0.0
            +---------+---------+-------+---------+---------+-------
